 Dungeon Crawl Stone Soup version 0.29.1-12-g30fa7ad0bf (webtiles) character file.

Game seed: 17150659010002151759

5782 wormed the Cleaver (level 10, -9/91 HPs)
             Began as a Hill Orc Fighter on Dec 21, 2022.
             Was a Believer of Okawaru.
             Mangled by wormed's ghost (19 damage)
             ... on level 9 of the Dungeon.
             The game lasted 00:16:39 (10693 turns).

wormed the Cleaver (Hill Orc Fighter)              Turns: 10693, Time: 00:16:39

Health: -9/91      AC: 17    Str: 28    XL:     10   Next: 78%
Magic:  10/10      EV:  6    Int:  7    God:    Okawaru [**....]
Gold:   433        SH: 10    Dex:  9    Spells: 9/9 levels left

rFire   . . .      SeeInvis .   Q - +1 war axe (vorpal)
rCold   + . .      Faith    .   R - +0 kite shield
rNeg    . . .      Spirit   .   i - +0 plate armour
rPois   +          Reflect  .   b - +0 helmet
rElec   .          Harm     .   J - +0 cloak
rCorr   .          Rampage  .   G - +0 pair of gloves
Will    .....                   (no boots)
Stlth   ..........              (no amulet)
HPRegen 0.25/turn               o - ring of poison resistance
MPRegen 0.12/turn               D - ring of protection from cold

@: mighty, studying Maces & Flails
A: screaming 1, strong 1
a: Renounce Religion, Heroism


You were on level 9 of the Dungeon.
You worshipped Okawaru.
Okawaru was pleased with you.
You visited 2 branches of the dungeon, and saw 10 of its levels.

You collected 433 gold pieces.

Inventory:

Hand Weapons
 M - a +1 whip of venom
 Q - a +1 vorpal war axe (weapon)
 S - a +2 vampiric spear
Missiles
 p - 3 throwing nets (quivered)
Armour
 b - a +0 helmet (worn)
 i - a +0 plate armour (worn)
 G - a +0 pair of gloves (worn)
 J - a +0 cloak (worn)
 R - a +0 kite shield (worn)
Jewellery
 j - a +6 ring of intelligence
 o - a ring of poison resistance (left hand)
 C - an amulet of magic regeneration
 D - a ring of protection from cold (right hand)
Wands
 v - a wand of mindburst (18)
 A - a wand of flame (16)
 E - a wand of digging (5)
 P - a wand of roots (11)
Scrolls
 e - a scroll of amnesia {unknown}
 f - 2 scrolls of fog {unknown}
 g - 2 scrolls of enchant armour {unknown}
 l - 4 scrolls of vulnerability {unknown}
 m - a scroll of enchant weapon {unknown}
 r - 2 scrolls of torment {unknown}
 s - 2 scrolls of noise {unknown}
 t - 6 scrolls of poison {unknown}
 w - 6 scrolls of teleportation {unknown}
 y - 2 scrolls of magic mapping
 z - a scroll of brand weapon {unknown}
 F - a scroll of immolation {unknown}
 K - a scroll of summoning {unknown}
 N - 3 scrolls of blinking {unknown}
 O - 2 scrolls of fear {unknown}
Potions
 d - 2 potions of might
 h - a potion of invisibility
 k - 2 potions of haste
 n - 3 potions of flight
 q - 2 potions of attraction
 u - a potion of curing
 x - 3 potions of lignification
 B - a potion of heal wounds
 H - a potion of cancellation {unknown}
 I - a potion of ambrosia {unknown}
 L - 2 potions of brilliance {unknown}


   Skills:
 + Level 9.2 Fighting
 * Level 13.2 Axes
 + Level 8.4 Armour
 + Level 8.5 Shields


You had 9 spell levels left.
You didn't know any spells.
Your spell library was empty.

Dungeon Overview and Level Annotations

Branches:
Dungeon (9/15)             Temple (1/1) D:5            Lair (0/5) D:9
    Orc: D:9-12

Altars:
Ashenzari
Cheibriados
Dithmenos
Elyvilon
Fedhas
Gozag
Hepliaklqana
Kikubaaqudgha
Makhleb
Nemelex Xobeh
Okawaru
Qazlal
Ru
Sif Muna
Trog
Uskayaw
Vehumet
Wu Jian
Xom
Yredelemnul
Zin
The Shining One
Ignis

Shops:
D:9 [(

Annotations:
D:9 wormed's ghost, journeyman MiBe


Innate Abilities, Weirdness & Mutations

You occasionally shout uncontrollably at your foes.
Your muscles are strong. (Str +4, Int/Dex -1)


Message History

Wormed's ghost is moderately damaged.
You block wormed's ghost's attack.
You hit wormed's ghost but do no damage.
Wormed's ghost is moderately damaged.
Wormed's ghost hits you!
You feel very mighty all of a sudden. Wormed's ghost hits you.
You closely miss wormed's ghost.
Wormed's ghost is moderately damaged.
Wormed's ghost hits you!
* * * LOW HITPOINT WARNING * * *
You slash wormed's ghost!
Wormed's ghost is moderately damaged.
Wormed's ghost hits you but does no damage.
You slash wormed's ghost!
Wormed's ghost is heavily damaged.
You block wormed's ghost's attack.
You hit wormed's ghost.
Wormed's ghost is heavily damaged.
You block wormed's ghost's attack.
You hit wormed's ghost.
Wormed's ghost is heavily damaged.
Wormed's ghost hits you.
* * * LOW HITPOINT WARNING * * *
You barely miss wormed's ghost.
Wormed's ghost is heavily damaged.
You block wormed's ghost's attack.
You hit wormed's ghost.
Wormed's ghost is heavily damaged.
Wormed's ghost hits you.
* * * LOW HITPOINT WARNING * * *
You feel much better. Wormed's ghost closely misses you.
You hit wormed's ghost.
Wormed's ghost is severely damaged.
Wormed's ghost hits you!!
* * * LOW HITPOINT WARNING * * *
You hit wormed's ghost but do no damage.
Wormed's ghost is heavily damaged.
Wormed's ghost hits you!!
You die...

#.# # #.# # #.# #
#.# # #### #.# #
#..### #.# ###
##..#.## #.# ##..
#...W(.# #.# #...
#..@#$#####.#####...
#...###......>......
#...#.....(...<..#..
###.........>....#..
###...........##..
##############.. ###


You could see a +2 quarterstaff of chaos and wormed's ghost.

Vanquished Creatures
  A two-headed ogre (D:9)
  Pikel (D:6)
  A troll (D:9)
  Grinder (D:5)
  Sigmund (D:6)
  4 yaks (D:9)
  Eustachio (D:5)
  2 wyverns
  Menkaure (D:6)
  Duvessa (D:5)
  3 water moccasins
  2 sky beasts
  2 black bears
  3 orc warriors
  2 centaurs
  A phantom (D:6)
  2 gnoll sergeants (D:9)
  4 bullfrogs
  3 scorpions
  Dowan (D:5)
  A howler monkey (D:8)
  4 hounds
  4 jellies
  An orc priest (D:9)
  A gnoll bouda (D:6)
  4 iguanas
  10 orc wizards
  18 gnolls
  8 adders
  A white imp (D:5)
  An ufetubus (D:5)
  4 worms
  4 dart slugs
  21 orcs
  6 ball pythons
  7 bats
  6 endoplasms
  5 giant cockroaches
  5 goblins
  7 hobgoblins
  3 jackals (D:5)
  6 kobolds
  7 quokkas
  A frilled lizard (D:1)
  7 rats
179 creatures vanquished.

Vanquished Creatures (others)
  2 orc wizards
  An orc (D:4)
  5 plants
8 creatures vanquished.

Grand Total: 187 creatures vanquished

Notes
Turn   | Place    | Note
-------+----------+-------------------------------------------
     0 | D:1      | wormed the Hill Orc Fighter began the quest for the Orb.
     0 | D:1      | Reached XP level 1. HP: 19/19 MP: 1/1
    84 | D:1      | Reached skill level 3 in Axes
    90 | D:1      | Reached XP level 2. HP: 26/27 MP: 2/2
   972 | D:2      | Reached XP level 3. HP: 33/33 MP: 3/3
  1169 | D:2      | Reached skill level 4 in Axes
  1415 | D:2      | Reached XP level 4. HP: 40/40 MP: 4/4
  2471 | D:3      | Found a faded altar of an unknown god.
  2547 | D:3      | Reached XP level 5. HP: 47/47 MP: 5/5
  2932 | D:4      | Reached skill level 5 in Axes
  2947 | D:4      | Reached XP level 6. HP: 30/53 MP: 6/6
  3622 | D:5      | Entered Level 5 of the Dungeon
  3978 | D:5      | Noticed Grinder
  3978 | D:5      | Noticed Eustachio
  3992 | D:5      | Paralysed by Grinder for 2 turns
  4005 | D:5      | Killed Grinder
  4006 | D:5      | Reached skill level 5 in Fighting
  4006 | D:5      | Reached skill level 6 in Axes
  4006 | D:5      | Reached XP level 7. HP: 46/61 MP: 7/7
  4079 | D:5      | Noticed Dowan
  4101 | D:5      | Killed Dowan
  4102 | D:5      | Reached skill level 5 in Shields
  4109 | D:5      | Noticed Duvessa
  4216 | D:5      | Found a staircase to the Ecumenical Temple.
  4225 | D:5      | HP: 1/61 [Duvessa/+0 rapier of venom (7)]
  4231 | D:5      | Killed Duvessa
  4232 | D:5      | Reached skill level 7 in Axes
  4232 | D:5      | Reached skill level 5 in Armour
  4639 | D:5      | Reached XP level 8. HP: 70/70 MP: 8/8
  5036 | D:5      | Killed Eustachio
  5037 | D:5      | Reached skill level 8 in Axes
  5682 | D:6      | Noticed Sigmund
  5693 | D:6      | Killed Sigmund
  5774 | D:6      | Found a radiant altar of Vehumet.
  5780 | D:6      | Identified the +0 robe "Buqigompug" {Rampage *Slow rC++
                  | Slay+2}
  5974 | D:6      | Noticed Pikel
  5992 | D:6      | Killed Pikel
  5993 | D:6      | Reached skill level 9 in Axes
  5993 | D:6      | Reached XP level 9. HP: 57/79 MP: 9/9
  5999 | D:6      | Reached skill level 10 in Axes
  6116 | D:6      | Noticed Menkaure
  6131 | D:6      | Killed Menkaure
  7314 | D:6      | Gained mutation: You occasionally shout uncontrollably at
                  | your foes. [potion of mutation]
  7314 | D:6      | Gained mutation: Your muscles are strong. (Str +4, Int/Dex
                  | -1) [potion of mutation]
  7393 | D:7      | Reached skill level 11 in Axes
  7986 | Temple   | Entered the Ecumenical Temple
  8068 | Temple   | Became a worshipper of Warmaster Okawaru
  8370 | D:8      | Found a glowing silver altar of Zin.
  8387 | D:8      | Reached XP level 10. HP: 77/88 MP: 10/10
  8436 | D:8      | Found a bloodstained altar of Trog.
  8442 | D:8      | Found a snail-covered altar of Cheibriados.
  9108 | D:9      | Found a staircase to the Lair.
  9204 | D:9      | Found a shimmering altar of Xom.
  9206 | D:9      | Found an ancient bone altar of Kikubaaqudgha.
  9206 | D:9      | Found a blossoming altar of Fedhas.
  9206 | D:9      | Found a hazy altar of Hepliaklqana.
  9206 | D:9      | Found a shadowy altar of Dithmenos.
  9207 | D:9      | Found a broken altar of Ashenzari.
  9207 | D:9      | Noticed a two-headed ogre
  9219 | D:9      | Killed a two-headed ogre
  9220 | D:9      | Reached skill level 12 in Axes
  9557 | D:9      | Reached * piety under Okawaru
  9916 | D:9      | Found Fybbooru's Antique Weapon Emporium.
 10152 | D:9      | Reached ** piety under Okawaru
 10153 | D:9      | Reached skill level 13 in Axes
 10446 | D:9      | Found Eddagrap's Antique Armour Shoppe.
 10650 | D:9      | Found a runed translucent door.
 10650 | D:9      | Found a shimmering altar of Xom.
 10650 | D:9      | Noticed wormed's ghost (journeyman MiBe)
 10650 | D:9      | Noticed a +2 quarterstaff of chaos
 10693 | D:9      | Mangled by wormed's ghost

Illustrated notes

Levels and vault maps discovered:
D:1:      ncdulo_halloftheorcs, layout_basic, minmay_misc_feat_rows
D:2:      layout_loops_corners, serial_forest, infiniplex_forest_straight_1,
          infiniplex_forest_straight_2, infiniplex_forest_end_1,
          infiniplex_forest_end_2, infiniplex_forest_end_1,
          infiniplex_forest_lined_3, infiniplex_forest_straight_5,
          infiniplex_forest_corner_1, infiniplex_forest_lined_3
D:3:      layout_loops_cross, hellmonk_ecumenical_altar_inner_sanctum,
          minmay_misc_feat_x
D:4:      layout_rooms, serial_glass, glass_columns_a, glass_columns_a,
          hangedman_abyss_or_decor_jellyfish_corner
D:5:      layout_cave_pools, minmay_temple_entry_overgrown,
          serial_co_window_serial, co_window_paths_b,
          co_window_of_opportunity_a, co_window_paths_a, co_window_cross_1,
          co_window_corner_a, co_window_cross_1, co_window_paths_a,
          co_window_corner_b, co_window_2corner, co_window_corner_ca,
          co_window_corner_b, co_window_2corner, co_window_broadway_c,
          co_window_paths_d, uniq_duvessa, uniq_grinder, uniq_eustachio
D:6:      layout_basic, vehumet_crystals, grunt_decor_clamped,
          roderic_roman_lattice, uniq_pikel, uniq_sigmund, uniq_menkaure
D:7:      layout_rooms, kennysheep_cross_bottleneck, st_stairs_9
D:8:      layout_loops_ring, gammafunk_temple_overflow_pools,
          kennysheep_mini_moat, minmay_misc_feat_five
D:9:      layout_roguey, grunt_temple_overflow_open, lair_entry_dummy,
          ebering_ghost_xom, serial_shops, nicolae_shop_crystal, shop
Temple:   ebering_untended_altars

Skill      XL: |  1  2  3  4  5  6  7  8  9 10 |
---------------+-------------------------------+-----
Axes           | 3 4 5 6 7 9 11 13 | 13.2
Fighting       | 4 5 7 8 9 |  9.2
Shields        | 4 5 6 7 8 |  8.5
Armour         | 4 5 6 7 8 |  8.4

Action                   |  1- 3 |  4- 6 |  7- 9 | 10-12 || total
-------------------------+-------+-------+-------+-------++-------
Melee: War axe           |    85 |   183 |   308 |   183 ||   759
  Use: Potion            |       |       |     4 |     2 ||     6
       Scroll            |       |       |     7 |     2 ||     9
Armor: Scale mail        |     7 |       |       |       ||     7
       Plate armour      |    41 |   133 |   231 |    66 ||   471
Dodge: Dodged            |    26 |    48 |    91 |    44 ||   209
Block: Buckler           |    19 |    38 |    72 |    25 ||   154
       Kite shield       |       |       |       |    43 ||    43
